 Dungeon Crawl Stone Soup version 0.17.2-1-ge4368a0 (webtiles) character file.

1464 Goblin1989 the Carver (level 8, -5/58 HPs)
             Began as a Vampire Gladiator on Dec 19, 2016.
             Was a Believer of Okawaru.
             Slain by an orc warrior
             ... wielding a +0 battleaxe
              (14 damage)
             ... on level 6 of the Dungeon.
             The game lasted 00:25:19 (8287 turns).

Goblin1989 the Carver (Vampire Gladiator)           Turns: 8287, Time: 00:25:19

Health: -5/58      AC: 12    Str: 16    XL:     8   Next: 48%
Magic:  8/8        EV: 11    Int: 10    God:    Okawaru [**....]
Gold:   206        SH:  0    Dex: 15    Spells: 0 memorised, 7 levels left

rFire  . . .     SeeInvis +     a - +0 long sword
rCold  + . .     Clarity  .     s - -2 chain mail (curse)
rNeg   + + .     SustAt   .     (no shield)
rPois  +         Gourm    .     c - +0 helmet
rElec  .         Spirit   .     (no cloak)
rCorr  .         Warding  .     d - +1 pair of gloves
rMut   .         Stasis   .     (no boots)
MR     .....                    (no amulet)
Stlth  ..........               (no ring)
                                f - ring of loudness (curse)

@: heroism, regenerating slowly, not resistant to hostile enchantments,
extremely unstealthy
A: fangs 3, see invisible, unbreathing
a: Bat Form, Heroism, Renounce Religion


You were on level 6 of the Dungeon.
You worshipped Okawaru.
Okawaru was pleased with you.
You were very thirsty.

You visited 1 branch of the dungeon, and saw 6 of its levels.
You also visited: Ossuary.

You collected 206 gold pieces.

Inventory:

Hand Weapons
 a - a +0 long sword (weapon)
 w - a +0 blowgun {@w1}
Missiles
 k - 8 javelins (quivered)
 v - 52 poisoned needles
 Z - 3 throwing nets {=f, !d}
Armour
 c - a +0 helmet (worn)
 d - a +1 pair of gloves (worn)
 j - a +0 scale mail
 s - a cursed -2 chain mail (worn)
Jewellery
 f - a cursed ring of loudness (left hand)
Scrolls
 i - 3 scrolls of identify {unknown}
 m - 2 scrolls of amnesia {unknown}
 n - 2 scrolls of noise {unknown}
 p - 3 scrolls of immolation {!r}
 r - a scroll of enchant weapon {unknown}
 u - 3 scrolls of recharging
 y - a scroll of random uselessness {unknown}
 M - a scroll of magic mapping
 T - a scroll of teleportation {!r, @r4}
Potions
 b - 5 potions of heal wounds {unknown}
 e - 4 potions of degeneration {unknown}
 g - 3 potions of curing {unknown}
 h - a potion of agility {unknown}
 l - 3 potions of lignification {unknown}
 o - 2 potions of cure mutation {unknown}
 q - 3 potions of blood
 t - a potion of resistance
 z - a potion of beneficial mutation {unknown}


   Skills:
 + Level 3.4(8.4) Fighting
 * Level 9.5(14.5) Long Blades
 - Level 1.5(6.5) Throwing
 + Level 2.3(7.3) Armour
 + Level 4.7(9.7) Dodging


You had 7 spell levels left.
You didn't know any spells.

Dungeon Overview and Level Annotations

Branches:
Dungeon (6/15)
 Temple: D:4-7

Altars:
Cheibriados
Dithmenos
Fedhas
Gozag
Kikubaaqudgha
Makhleb
Okawaru
Qazlal
Trog


Innate Abilities, Weirdness & Mutations

You heal slowly.
You have razor-sharp teeth.
You have supernaturally acute eyesight.
You can survive without breathing.


Message History

You closely miss the orc warrior. Your bite misses the orc warrior.
The orc warrior is heavily wounded.
You hit the orc warrior.
The orc warrior is severely wounded.
The orc warrior barely misses you.
MP restored: 8 You hit the orc warrior.
Your bite misses the orc warrior.
The orc warrior is severely wounded.
The orc warrior barely misses you.
You hit the orc warrior but do no damage.
The orc warrior is severely wounded.
You closely miss the orc warrior.
The orc warrior is severely wounded.
The orc warrior closely misses you.
You hit the orc warrior but do no damage.
The orc warrior is severely wounded.
You closely miss the orc warrior.
The orc warrior is severely wounded.
The orc warrior hits you with a battleaxe!
You die...

█...█ █.........██..█ █..█.█
█...█ ███.████████..████..█.█
█...█ █.█....o...o)oo..<█.██
████...█████.█.██████..██....█...
...†....o.(......█ █..█.....████
....████████.█.█.████..█.....█
....█..........█.......█.....█
....█..........██......█..█..█
....█..........o@......█..█..█
....█.........███......█..█..████
....█.........█ █......█..█......
....█.........█ █......█..██.████
····█.........█ █....).█..██.█
····█.........███...)..█..██.█
▓▓▓▓████████...........█..██.█
███████▓▓▓▓███████..█..█...█.█
..∆.P.P·····▓ ██......███.█


You could see an orc warrior.

Vanquished Creatures
  Sigmund (D:6)
  2 ogres
  A big kobold (D:4)
  A giant frog (D:4)
  A scorpion (D:6)
  The ghost of dscm the Ducker, a weakling OpEE (D:4)
  A crimson imp (D:5)
  A centaur zombie (Ossuary)
  A giant frog skeleton (D:6)
  A jelly (D:5)
  An orc wizard (D:3)
  4 orc priests
  4 hounds
  Jessica (D:3)
  4 worker ants
  A killer bee zombie (D:6)
  A hound zombie (D:6)
  3 mummies
  3 gnolls (D:2)
  9 adders
  A shadow imp (D:6)
  3 oozes
  5 worms
  12 giant geckos
  23 orcs
  10 bats
  2 bat zombies (D:2)
  14 goblins
  8 hobgoblins
  3 jackals
  4 quokkas
  3 giant cockroaches
  A giant gecko skeleton (D:5)
  5 giant newts
  6 goblin zombies (Ossuary)
  11 hobgoblin zombies (Ossuary)
  2 jackal skeletons (D:4)
  A jackal zombie (Ossuary)
  27 kobolds
  9 kobold zombies (Ossuary)
  6 orc zombies (Ossuary)
  11 rats
  3 rat zombies
212 creatures vanquished.

Notes
Turn   | Place    | Note
--------------------------------------------------------------
     0 | D:1      | Goblin1989 the Vampire Gladiator began the quest for the Orb.
     0 | D:1      | Reached XP level 1. HP: 16/16 MP: 1/1
   166 | D:1      | Reached XP level 2. HP: 13/22 MP: 2/2
   415 | D:1      | Reached skill level 4 in Long Blades
   492 | D:1      | Reached XP level 3. HP: 22/27 MP: 3/3
  1208 | D:2      | Reached XP level 4. HP: 24/33 MP: 4/4
  1225 | D:2      | Reached skill level 5 in Long Blades
  1549 | D:2      | Found an ancient bone altar of Kikubaaqudgha.
  1586 | D:2      | Found a snail-covered altar of Cheibriados.
  1588 | D:2      | Found a bloodstained altar of Trog.
  1777 | D:3      | Reached XP level 5. HP: 13/38 MP: 5/5
  2028 | D:3      | Reached skill level 6 in Long Blades
  2250 | D:3      | Found a shadowy altar of Dithmenos.
  2441 | D:3      | Found an iron altar of Okawaru.
  2451 | D:3      | Became a worshipper of Warmaster Okawaru
  2986 | D:3      | Noticed Jessica
  3019 | D:3      | Reached XP level 6. HP: 22/44 MP: 6/6
  3357 | D:3      | Killed Jessica
  3393 | D:3      | Reached skill level 7 in Long Blades
  3884 | D:4      | Noticed dscm's ghost (weakling OpEE)
  4132 | D:4      | Killed dscm's ghost
  4313 | D:4      | Reached skill level 8 in Long Blades
  4343 | D:4      | Reached * piety under Okawaru
  4343 | D:4      | Reached XP level 7. HP: 27/49 MP: 7/7
  4997 | D:5      | Entered Level 5 of the Dungeon
  4997 | D:5      | Found a stormy altar of Qazlal.
  5052 | D:5      | Found a blossoming altar of Fedhas.
  5533 | D:5      | Reached skill level 1 in Armour
  5647 | D:5      | Found a burning altar of Makhleb.
  5815 | D:6      | Found a sand-covered staircase.
  6063 | D:6      | Noticed Sigmund
  6074 | D:6      | Killed Sigmund
  6074 | D:6      | Reached XP level 8. HP: 21/57 MP: 5/8
  6082 | D:6      | Reached skill level 9 in Long Blades
  6127 | Ossuary  | Entered an ossuary
  6890 | D:6      | Reached ** piety under Okawaru
  7466 | D:6      | Found an opulent altar of Gozag.
  7511 | D:6      | HP: 1/58 [orc warrior/battleaxe (16)]
  8287 | D:6      | Slain by an orc warrior

Action                   |  1- 3 |  4- 6 |  7- 9 || total
-------------------------+-------+-------+-------++-------
Melee: Long sword        |   140 |   319 |   365 ||   824
Invok: Heroism           |       |       |     3 ||     3
 Abil: End Transformatio |       |       |     1 ||     1
       Bat Form          |       |       |     1 ||     1
  Use: Potion            |     8 |     2 |     5 ||    15
       Scroll            |       |       |     6 ||     6

Vault maps used:
D:1:      evilmike_arrival_hilbert_curve
D:2:      lemuel_zombie_altar_kikubaaqudgha, amethyst_overflow_temple_binary
D:3:      okawaru_ov_weapons_minmay, marbit_many_paths, guppyfry_early_orc_mine,
          uniq_jessica
D:4:      kennysheep_kobold_camp, first_bread
D:5:      grunt_temple_overflow_forces_of_nature, makhleb_blood_cavern_becter,
          minmay_misc_feat_iff, hex_tiny, nrook_mini_vaults
D:6:      minmay_klotski, grunt_gozag_statues, gup_ossuary_entry_pyramid,
          uniq_sigmund, uniq_duvessa
Ossuary:  ossuary_tomb_1
